 Dungeon Crawl Stone Soup version 0.31-a0-846-gb3bcc0d938 (webtiles) character file.

Game seed: 16388664447864436519

646 LeprechaunX the Changeling (level 7, -13/46 HPs)
             Began as an Octopode Shapeshifter on Oct 3, 2023.
             Mangled by an orc
             ... wielding the +11 spear "Ozaekhlub" {heavy, rF+ rCorr}
              (14 damage)
             ... on level 3 of the Dungeon.
             The game lasted 00:06:28 (3263 turns).

LeprechaunX the Changeling (Octopode Shapeshifter)  Turns: 3263, Time: 00:06:28

Health: -13/46     AC:  1    Str: 14 (15) XL:     7   Next: 52%
Magic:  7/7        EV: 18    Int: 17 (18) God:
Gold:   163        SH:  0    Dex: 10 (12) Spells: 6/6 levels left

rFire   . .          .
                       - Unarmed
rCold   + . .        (no shield)
rNeg    + . .        (helmet currently unavailable)
rPois   .            (no amulet)
rElec   .            e - +5 ring of evasion
rCorr   .            k - ring of protection from cold
SInv    .            m - ring of positive energy
Will    .....        j - +6 ring of intelligence
Stlth   ++           (no ring)
HPRegen 0.27/turn    (no ring)
MPRegen 0.10/turn    (no ring)
                     (no ring)

%: no passive effects
@: brilliant, beast-form
A: beast (slay +3), almost no armour, amphibious, 8 rings, camouflage 1,
gelatinous body 1, (nimble swimmer 1), tentacles
a: Begin Untransformation


You were on level 3 of the Dungeon.
You were a hulking beast.
You visited 1 branch of the dungeon, and saw 4 of its levels.
You also visited: Sewer.

You collected 163 gold pieces.

Inventory:

Hand Weapons
 a - a +0 sling
Armour
 d - a +0 hat
Jewellery
 e - a +5 ring of evasion (left tentacle)
 j - a +6 ring of intelligence (on tentacle)
 k - a ring of protection from cold (right tentacle)
 m - a ring of positive energy (on tentacle)
Talismans
 b - a beast talisman (active)
 c - a flux talisman
Wands
 q - a wand of flame (15)
Scrolls
 f - a scroll of noise {unknown}
 g - 4 scrolls of identify {unknown}
 i - a scroll of revelation {unknown}
 l - a scroll of torment {unknown}
 o - a scroll of fear {unknown}
 p - a scroll of teleportation {unknown}
 r - a scroll of enchant weapon {unknown}
Potions
 h - a potion of degeneration
 n - a potion of enlightenment {unknown}
 s - a potion of brilliance
 t - a potion of might {unknown}
 u - a potion of haste {unknown}
 v - 2 potions of invisibility {unknown}
 w - a potion of heal wounds {unknown}
 x - a potion of magic {unknown}


   Skills:
 + Level 3.5 Fighting
 + Level 4.0 Dodging
 + Level 4.5 Unarmed Combat
 * Level 5.4 Shapeshifting


You had 6 spell levels left.
You didn't know any spells.
Your spell library contained the following spells:

 Spells                   Type           Power      Damage    Failure   Level
 Gell's Gravitas          Tloc           0%         N/A       56%         3
 Ignite Poison            Fire/Tmut/Pois 0%         N/A       56%         3
 Teleport Other           Tloc           0%         N/A       56%         3
 Sticky Flame             Conj/Fire      0%         2d3       93%         4
 Dispersal                Tloc           0%         N/A       100%        6
 Ignition                 Fire           0%         3d3       100%        8


Dungeon Overview and Level Annotations

Branches:
Dungeon (4/15)              Sewer (visited)
 Temple: D:4-7

Altars:
Cheibriados
Sif Muna

Shops:
D:2 =

Annotations:
D:3 tinfoiltophat's ghost, amateur DjSu


Innate Abilities, Weirdness & Mutations

You are a hulking beast.
Your limbs bulge with bestial killing power. (Slay +3)
You cannot wear most types of armour.
You are amphibious.
You can wear up to eight rings at the same time.
Your skin changes colour to match your surroundings (Stealth+).
Your rubbery body absorbs attacks. (AC +1, EV +1)
((You are camouflaged when in or above water. (Stealth+)))
You have tentacles for arms and can constrict up to eight enemies at once.


Message History

You completely miss tinfoiltophat's ghost.
You squeeze tinfoiltophat's ghost, but do no damage.
Tinfoiltophat's ghost mumbles some strange words.
You tentacle-slap tinfoiltophat's ghost.
Tinfoiltophat's ghost is lightly damaged.
Tinfoiltophat's ghost hits you.
The orc hits you from afar with the +11 spear "Ozaekhlub" {heavy, rF+ rCorr}!
The quokka misses you.
You bludgeon tinfoiltophat's ghost! You squeeze tinfoiltophat's ghost.
Tinfoiltophat's ghost is moderately damaged.
Tinfoiltophat's ghost closely misses you.
The quokka misses you.
You barely miss tinfoiltophat's ghost.
Tinfoiltophat's ghost is moderately damaged.
The orc hits you from afar with the +11 spear "Ozaekhlub" {heavy, rF+ rCorr}.
Tinfoiltophat's ghost closely misses you.
The quokka barely misses you.
You closely miss tinfoiltophat's ghost.
Tinfoiltophat's ghost is moderately damaged.
The quokka bites you. Tinfoiltophat's ghost misses you.
The orc hits you from afar with the +11 spear "Ozaekhlub" {heavy, rF+ rCorr}!
* * * LOW HITPOINT WARNING * * *
You closely miss the quokka. Your grab misses the quokka.
The quokka bites you but does no damage.
Tinfoiltophat's ghost barely misses you.
Unknown command.
It was a potion of degeneration.
There was something very wrong with that liquid.
You feel weakened.
You feel dopey.
You feel clumsy. The quokka completely misses you.
The orc hits you from afar with the +11 spear "Ozaekhlub" {heavy, rF+ rCorr}.
* * * LOW HITPOINT WARNING * * *
Tinfoiltophat's ghost shrieks, "What do you have that I didn't have?"
Tinfoiltophat's ghost mumbles some strange words.
It was a potion of brilliance.
You feel clever all of a sudden. The quokka barely misses you.
Tinfoiltophat's ghost barely misses you.
The orc hits you from afar with the +11 spear "Ozaekhlub" {heavy, rF+ rCorr}!
You die...

.###.....###.#...########.#
#.# ...!#####....#..## #.#
#.# .............#..### #.#
#.# #####'''######....# #.#
#.# .......o.....8.##.# #.#
#.# ........W......##.# #.#
#.# .............5[##.#
#.####.##
.....###.#####o##.#
#...##... #...##
#......rWhr# ##..#####
##.#####..####5####
######.. ##.............#
#<.##.. #######..######
#...#.. ##### #..# ###.'#..
....# #..# #########
#.###... ###.#
#.(###.......# #....... #
#.# #..##...####.# #......⌠
# #.#
#.........##.######.).....


You could see tinfoiltophat's ghost, 2 cerulean imps, an orc, a quokka
(summoned) and a rat (summoned).

Vanquished Creatures
  Grinder (Sewer)
  Sigmund (D:3)
  A kobold brigand (Sewer)
  2 quasits (Sewer)
  A gnoll (D:1)
  5 adders
  A shadow imp (Sewer)
  3 ufetubi (Sewer)
  An adder zombie (Sewer)
  A worm (D:4)
  A dart slug (D:1)
  5 orcs (D:3)
  3 endoplasms
  6 giant cockroaches
  A goblin (D:1)
  7 hobgoblins
  4 jackals (D:2)
  6 ball pythons
  4 bats
  9 frilled lizards
  A giant cockroach zombie (Sewer)
  20 kobolds
  A kobold zombie (Sewer)
  13 rats
98 creatures vanquished.

Vanquished Creatures (others)
  A kobold zombie (Sewer)
1 creature vanquished.

Grand Total: 99 creatures vanquished

Notes
Turn   | Place    | Note
-------+----------+-------------------------------------------
     0 | D:1      | LeprechaunX the Octopode Shapeshifter began the quest for
                  | the Orb.
     0 | D:1      | Reached XP level 1. HP: 13/13 MP: 1/1
   446 | D:1      | Reached XP level 2. HP: 9/18 MP: 2/2
   713 | D:1      | Reached XP level 3. HP: 23/23 MP: 3/3
  1067 | D:2      | Found Jiame's Jewellery Shop.
  1070 | D:2      | Found a snail-covered altar of Cheibriados.
  1223 | D:2      | Reached XP level 4. HP: 29/29 MP: 4/4
  1766 | D:3      | Noticed Sigmund
  1769 | D:3      | Found a runed translucent gate.
  1771 | D:3      | Noticed tinfoiltophat's ghost (amateur DjSu)
  1787 | D:3      | Identified the +11 spear "Ozaekhlub" {heavy, rF+ rCorr}
  1795 | D:3      | Killed Sigmund
  1796 | D:3      | Reached skill level 4 in Shapeshifting
  1796 | D:3      | Reached XP level 5. HP: 11/35 MP: 5/5
  1796 | D:3      | Reached XP level 6. HP: 13/41 MP: 6/6
  1914 | D:3      | Found a runed translucent gate.
  1914 | D:3      | Found a runed translucent gate.
  2222 | D:3      | Found a shimmering blue altar of Sif Muna.
  2295 | D:3      | Found a faded altar of an unknown god.
  2318 | D:3      | You fall into a shaft and drop 1 floor!
  2364 | D:4      | Found a glowing drain.
  2372 | Sewer    | Entered a sewer
  2493 | Sewer    | Found a burning altar of Makhleb.
  2589 | Sewer    | Noticed Grinder
  2600 | Sewer    | Killed Grinder
  2601 | Sewer    | Reached skill level 5 in Shapeshifting
  2601 | Sewer    | Reached XP level 7. HP: 41/46 MP: 7/7
  3260 | D:3      | HP: 2/46 [orc/the +11 spear "Ozaekhlub" {heavy, rF+ rCorr}
                  | (14)]
  3263 | D:3      | Mangled by an orc

Illustrated notes

Levels and vault maps discovered:
D:1:      dpeg_arrival_castle, layout_basic, minmay_misc_feat_alley,
          minivault_5, minmay_stone_trees_large, grunt_decor_cap,
          nicolae_grassy_gnolls
D:2:      minmay_skewed_foursquare, layout_rooms, serial_shops, shop,
          serial_rivers, chequers_serial_rivers_small_3,
          chequers_serial_rivers_small_a, chequers_serial_rivers_micro_d,
          chequers_serial_rivers_micro_b, basic_altar, minivault_24,
          hangedman_decor_riveting, chequers_serial_rivers_micro_e
D:3:      layout_loops_ring, old_standard_altar, biasface_ghost_orc_armoury,
          shapermc_ecumenical_altar_flowoftime, grunt_ministairs_6, uniq_sigmund
D:4:      layout_basic, portal_sewer_entry_e, minmay_joined_circles

Skill      XL: |  1  2  3  4  5  6  7 |
---------------+----------------------+-----
Fighting       | 2 3 |  3.5
Dodging        | 3 4 |  4.0
Shapeshifting  | 4 5 |  5.4
Unarmed Combat | 4 |  4.5

Action                     |  1- 3 |  4- 6 |  7- 9 || total
---------------------------+-------+-------+-------++-------
  Melee: Unarmed           |    48 |   127 |    45 ||   220
         Constrict         |    11 |    26 |     8 ||    45
         Tentacles         |     7 |    15 |     8 ||    30
         Punch             |     1 |     3 |     1 ||     5
    Use: Potion            |       |     1 |     2 ||     3
   Stab: Sleeping          |     9 |     9 |     1 ||    19
         Distracted        |       |     1 |       ||     1
 Armour: Skin              |    13 |    37 |    25 ||    75
  Dodge: Dodged            |    22 |    78 |    66 ||   166

Table legend: (Time is in decaauts)
 A = Elapsed time spent in this place.
 B = Non-inter-level travel time spent in this place.
 C = Inter-level travel time spent in this place.
 D = Time resting spent in this place.
 E = Time spent auto-exploring this place.
 F = Levels seen in this place.
 G = Mean time per level.
                   A        B        C        D        E       F      G
               +--------+--------+--------+--------+--------+-----+--------+
         Total |   3243 |   3133 |    110 |      6 |   2398 |   5 |  648.6 |
       Dungeon |   2786 |   2676 |    110 |      0 |   2172 |   4 |  696.5 |
         Sewer |    456 |    456 |      0 |      6 |    226 |   1 |  456.0 |
               +--------+--------+--------+--------+--------+-----+--------+

Top non-repeatable levels by time:
     D:1: 1030 daAuts
     D:3: 953 daAuts
     D:2: 723 daAuts
   Sewer: 456 daAuts
     D:4: 78 daAuts
